TOP OF THE 1ST |
Boston Rebels batting - Pitching for Niagara Falls Frenzy : RHP Mark Head
|
Pitching: RHP Mark Head
|
|
Batting: LHB Bill Wilson
|
0-0: Ball 1-0: Ground out U3 (Groundball, 3)
|
Batting: SHB Álex Rosado
|
0-0: Called Strike 0-1: Called Strike 0-2: Strikes out looking
|
Batting: RHB Ronnie Brown
|
0-0: Swinging Strike 0-1: Called Strike 0-2: Fly out, F9 (Flyball, 9M)
|
Top of the 1st over - 0 run(s), 0 hit(s), 0 error(s), 0 left on base; Boston 0 - Niagara Falls 0 |
BOTTOM OF THE 1ST |
Niagara Falls Frenzy batting - Pitching for Boston Rebels : LHP Luis Valentín
|
Pitching: LHP Luis Valentín
|
|
Batting: RHB Eichiro Yamamoto
|
0-0: Ball 1-0: Swinging Strike 1-1: Bunt for hit - play at first, batter OUT! 3-4
|
Batting: LHB Dante Owens
|
0-0: Called Strike 0-1: Fly out, F7 (Line Drive, 7S)
|
Batting: LHB Donovan Bird
|
0-0: Ball 1-0: Foul Ball, location: 2F 1-1: Ball 2-1: Ball 3-1: Ground out U3 (Groundball, 3S)
|
Bottom of the 1st over - 0 run(s), 0 hit(s), 0 error(s), 0 left on base; Boston 0 - Niagara Falls 0 |
TOP OF THE 2ND |
Boston Rebels batting - Pitching for Niagara Falls Frenzy : RHP Mark Head
|
Batting: LHB Bill Wilson
|
0-0: Ball 1-0: Called Strike 1-1: Foul Ball, location: 2F 1-2: DOUBLE (Flyball, 89XD)
|
Batting: LHB Jeff Gordon
|
0-0: Called Strike 0-1: Ball 1-1: Foul Ball, location: 2F 1-2: SINGLE (Groundball, 34D) Bill Wilson to third
|
Batting: LHB Stanley Mullins
|
0-0: Ball 1-0: SINGLE (Groundball, 6MD) Bill Wilson scores Jeff Gordon to second
|
Batting: RHB Wilson Gómez
|
0-0: Grounds into double play, 6-4-3 (Groundball, 6) Jeff Gordon to third
|
Batting: LHB Tony Ramírez
|
0-0: Foul Ball, location: 2F 0-1: Called Strike 0-2: Ball 1-2: DOUBLE (Line Drive, 8LXD) Jeff Gordon scores
|
Batting: RHB Rubén Matos
|
0-0: Called Strike 0-1: Called Strike 0-2: Ball 1-2: SINGLE (Groundball, 34S) Tony Ramírez to third Runner from 3rd tries for Home, SAFE, throw made home
|
Batting: LHB Bill Wilson
|
0-0: Called Strike 0-1: Foul Ball, location: 2F 0-2: Foul Ball, location: 2F 0-2: Ball 1-2: Ball 2-2: Foul Ball, location: 2F 2-2: Foul Ball, location: 2F 2-2: Fly out, F5 (Popup, 5L)
|
Top of the 2nd over - 3 run(s), 5 hit(s), 0 error(s), 1 left on base; Boston 3 - Niagara Falls 0 |
BOTTOM OF THE 2ND |
Niagara Falls Frenzy batting - Pitching for Boston Rebels : LHP Luis Valentín
|
Batting: RHB Lawrence Schroeder
|
0-0: Called Strike 0-1: Ball 1-1: Called Strike 1-2: Ball 2-2: Strikes out looking
|
Batting: SHB Shumei Yokoyama
|
0-0: Ball 1-0: Foul Ball, location: 2F 1-1: Ball 2-1: Reached on error, E3 (Groundball, 3)
|
Batting: LHB Clyde Yarbrough
|
0-0: Called Strike 0-1: Called Strike 0-2: Ball 1-2: Ball 2-2: Fly out, F2 (Popup, 2L)
|
Batting: RHB Cordell Gibson
|
0-0: Foul Ball, location: 2F 0-1: Ball 1-1: Ball 2-1: Swinging Strike 2-2: Foul Ball, location: 2F 2-2: Fielders Choice at 2nd, U6 (Groundball, 6M)
|
Bottom of the 2nd over - 0 run(s), 0 hit(s), 1 error(s), 1 left on base; Boston 3 - Niagara Falls 0 |
TOP OF THE 3RD |
Boston Rebels batting - Pitching for Niagara Falls Frenzy : RHP Mark Head
|
Batting: SHB Álex Rosado
|
0-0: Called Strike 0-1: Ball 1-1: Fly out, F7 (Flyball, 7D)
|
Batting: RHB Ronnie Brown
|
0-0: Ball 1-0: Ground out 5-3 (Groundball, 5)
|
Batting: LHB Bill Wilson
|
0-0: Ball 1-0: Ball 2-0: Swinging Strike 2-1: Swinging Strike 2-2: Strikes out swinging
|
Top of the 3rd over - 0 run(s), 0 hit(s), 0 error(s), 0 left on base; Boston 3 - Niagara Falls 0 |
BOTTOM OF THE 3RD |
Niagara Falls Frenzy batting - Pitching for Boston Rebels : LHP Luis Valentín
|
Batting: RHB Ángel Hinojosa
|
0-0: Fly out, F7 (Flyball, 78XD)
|
Batting: RHB Juan Carlos Rodríguez
|
0-0: Ball 1-0: Ground out 2-3 (Groundball, 23)
|
Batting: RHB Eichiro Yamamoto
|
0-0: Ball 1-0: Swinging Strike 1-1: Ball 2-1: Foul Ball, location: 2F 2-2: Ground out 1-3 (Groundball, 25)
|
Bottom of the 3rd over - 0 run(s), 0 hit(s), 0 error(s), 0 left on base; Boston 3 - Niagara Falls 0 |
TOP OF THE 4TH |
Boston Rebels batting - Pitching for Niagara Falls Frenzy : RHP Mark Head
|
Batting: LHB Jeff Gordon
|
0-0: Ball 1-0: Ball 2-0: Called Strike 2-1: Ball 3-1: SINGLE (Line Drive, 8LS)
|
Batting: LHB Stanley Mullins
|
0-0: DOUBLE (Line Drive, 78XD) Jeff Gordon to third Jeff Gordon scores
|
Batting: RHB Wilson Gómez
|
0-0: Ball 1-0: Ball 2-0: Ball 3-0: Base on Balls
|
Batting: LHB Tony Ramírez
|
0-0: Swinging Strike 0-1: SINGLE (Line Drive, 4MD) Stanley Mullins to third Wilson Gómez to second Runner from 3rd tries for Home, SAFE, no throw or cutoff
|
Batting: RHB Rubén Matos
|
0-0: Called Strike 0-1: Ball 1-1: Ground out 4-3 (Groundball, 4MD) Wilson Gómez to third Tony Ramírez to second
|
Batting: LHB Bill Wilson
|
0-0: Called Strike 0-1: Foul Ball, location: 2F 0-2: Foul Ball, location: 2F 0-2: Ball 1-2: Fly out, F2 (Popup, 25F)
|
Batting: SHB Álex Rosado
|
0-0: Ground out 4-3 (Groundball, 4)
|
Top of the 4th over - 2 run(s), 3 hit(s), 0 error(s), 2 left on base; Boston 5 - Niagara Falls 0 |
BOTTOM OF THE 4TH |
Niagara Falls Frenzy batting - Pitching for Boston Rebels : LHP Luis Valentín
|
Batting: LHB Dante Owens
|
0-0: Foul Ball, location: 2F 0-1: Ball 1-1: Called Strike 1-2: Ball 2-2: Ball 3-2: Ground out 4-3 (Groundball, 4)
|
Batting: LHB Donovan Bird
|
0-0: Foul Ball, location: 2F 0-1: Ball 1-1: Ball 2-1: SINGLE (Groundball, 3D)
|
Batting: RHB Lawrence Schroeder
|
0-0: Called Strike 0-1: Ball 1-1: Foul Ball, location: 2F 1-2: Grounds into double play, U4-3 (Groundball, 4)
|
Bottom of the 4th over - 0 run(s), 1 hit(s), 0 error(s), 0 left on base; Boston 5 - Niagara Falls 0 |
TOP OF THE 5TH |
Boston Rebels batting - Pitching for Niagara Falls Frenzy : RHP Mark Head
|
Batting: RHB Ronnie Brown
|
0-0: Foul Ball, location: 2F 0-1: Foul Ball, location: 2F 0-2: Ball 1-2: Foul Ball, location: 2F 1-2: Ball 2-2: Ground out 6-3 (Groundball, 6)
|
Batting: LHB Bill Wilson
|
0-0: Ground out 5-3 (Groundball, 56S)
|
Batting: LHB Jeff Gordon
|
0-0: Fly out, F7 (Flyball, 7M)
|
Top of the 5th over - 0 run(s), 0 hit(s), 0 error(s), 0 left on base; Boston 5 - Niagara Falls 0 |
BOTTOM OF THE 5TH |
Niagara Falls Frenzy batting - Pitching for Boston Rebels : LHP Luis Valentín
|
Batting: SHB Shumei Yokoyama
|
0-0: Ball 1-0: Swinging Strike 1-1: Ball 2-1: Ball 3-1: Called Strike 3-2: Foul Ball, location: 2F 3-2: Fly out, F9 (Flyball, 89M)
|
Batting: LHB Clyde Yarbrough
|
0-0: Called Strike 0-1: Ball 1-1: Ground out 6-3 (Groundball, 6)
|
Batting: RHB Cordell Gibson
|
0-0: Foul Ball, location: 2F 0-1: Foul Ball, location: 2F 0-2: Foul Ball, location: 2F 0-2: Ball 1-2: Foul Ball, location: 2F 1-2: Strikes out swinging
|
Bottom of the 5th over - 0 run(s), 0 hit(s), 0 error(s), 0 left on base; Boston 5 - Niagara Falls 0 |
TOP OF THE 6TH |
Boston Rebels batting - Pitching for Niagara Falls Frenzy : RHP Mark Head
|
Batting: LHB Stanley Mullins
|
0-0: Ball 1-0: Foul Ball, location: 2F 1-1: Ball 2-1: DOUBLE (Line Drive, 9LS)
|
Batting: RHB Wilson Gómez
|
0-0: SINGLE (Groundball, 56D) Stanley Mullins to third Runner from 3rd tries for Home, SAFE, no throw or cutoff
|
Batting: LHB Tony Ramírez
|
0-0: SINGLE (Groundball, 56) Wilson Gómez to second
|
Batting: RHB Rubén Matos
|
0-0: Swinging Strike 0-1: Ball 1-1: Fly out, F9 (Flyball, 9M)
|
Batting: LHB Bill Wilson
|
0-0: Ball 1-0: Ball 2-0: Ground out 4-3 (Groundball, 4MS) Wilson Gómez to third Tony Ramírez to second
|
Batting: SHB Álex Rosado
|
0-0: DOUBLE (Line Drive, 89XD) Wilson Gómez scores Tony Ramírez scores
|
Pitching: RHP Art Kelley
|
|
Batting: RHB Ronnie Brown
|
0-0: Ground out 1-3 (Groundball, 13)
|
Top of the 6th over - 3 run(s), 4 hit(s), 0 error(s), 1 left on base; Boston 8 - Niagara Falls 0 |
BOTTOM OF THE 6TH |
Niagara Falls Frenzy batting - Pitching for Boston Rebels : LHP Luis Valentín
|
Batting: RHB Ángel Hinojosa
|
0-0: Ball 1-0: Ball 2-0: Called Strike 2-1: Ground out 2-3 (Groundball, 23)
|
Batting: RHB Juan Carlos Rodríguez
|
0-0: Swinging Strike 0-1: Ground out 5-3 (Groundball, 5L)
|
Batting: RHB Eichiro Yamamoto
|
0-0: Ball 1-0: Ball 2-0: Swinging Strike 2-1: DOUBLE (Line Drive, 89S)
|
Batting: LHB Dante Owens
|
0-0: Ball 1-0: Called Strike 1-1: Foul Ball, location: 2F 1-2: SINGLE (Groundball, 25) (infield hit) Eichiro Yamamoto to third
|
Batting: LHB Donovan Bird
|
0-0: Foul Ball, location: 2F 0-1: Ball 1-1: Ball 2-1: SINGLE (Line Drive, 89S) Eichiro Yamamoto scores Dante Owens to second
|
Batting: RHB Lawrence Schroeder
|
0-0: Ball Wild Pitch! Dante Owens to third Donovan Bird to second 1-0: Fly out, F9 (Line Drive, 9S)
|
Bottom of the 6th over - 1 run(s), 3 hit(s), 0 error(s), 2 left on base; Boston 8 - Niagara Falls 1 |
TOP OF THE 7TH |
Boston Rebels batting - Pitching for Niagara Falls Frenzy : RHP Art Kelley
|
Batting: LHB Bill Wilson
|
0-0: Ball 1-0: Foul Ball, location: 2F 1-1: Ball 2-1: Swinging Strike 2-2: Foul Ball, location: 2F 2-2: Strikes out swinging
|
Batting: LHB Jeff Gordon
|
0-0: SINGLE (Groundball, 56D) (infield hit)
|
Batting: LHB Stanley Mullins
|
0-0: Foul Ball, location: 2F 0-1: Foul Ball, location: 2F 0-2: Foul Ball, location: 2F 0-2: DOUBLE (Flyball, 78D) Jeff Gordon to third
|
Batting: RHB Wilson Gómez
|
0-0: Ball 1-0: Called Strike 1-1: Called Strike 1-2: Ball 2-2: Fly out, F3 (Popup, 3DF)
|
Batting: LHB Tony Ramírez
|
0-0: Fly out, F5 (Popup, 25F)
|
Top of the 7th over - 0 run(s), 2 hit(s), 0 error(s), 2 left on base; Boston 8 - Niagara Falls 1 |
BOTTOM OF THE 7TH |
Niagara Falls Frenzy batting - Pitching for Boston Rebels : LHP Luis Valentín
|
Batting: SHB Shumei Yokoyama
|
0-0: Ball 1-0: Called Strike 1-1: Called Strike 1-2: Strikes out looking
|
Batting: LHB Clyde Yarbrough
|
0-0: Called Strike 0-1: Swinging Strike 0-2: Ball 1-2: Strikes out swinging
|
Batting: RHB Cordell Gibson
|
0-0: Ball 1-0: Ground out 5-3 (Groundball, 56)
|
Bottom of the 7th over - 0 run(s), 0 hit(s), 0 error(s), 0 left on base; Boston 8 - Niagara Falls 1 |
TOP OF THE 8TH |
Boston Rebels batting - Pitching for Niagara Falls Frenzy : RHP Art Kelley
|
Batting: RHB Rubén Matos
|
0-0: Foul Ball, location: 2F 0-1: Ball 1-1: Swinging Strike 1-2: Ground out 4-3 (Groundball, 4)
|
Batting: LHB Bill Wilson
|
0-0: Called Strike 0-1: Foul Ball, location: 2F 0-2: Ball 1-2: Ball 2-2: Strikes out swinging
|
Batting: SHB Álex Rosado
|
0-0: Ball 1-0: Ball 2-0: Swinging Strike 2-1: SINGLE (Line Drive, 6MD)
|
Batting: RHB Ronnie Brown
|
0-0: Ball 1-0: Ball 2-0: Ball 3-0: Base on Balls Álex Rosado to second
|
Batting: LHB Bill Wilson
|
0-0: Called Strike 0-1: Ball 1-1: SINGLE (Groundball, 4MD) Álex Rosado to third Ronnie Brown to second Runner from 3rd tries for Home, SAFE, no throw or cutoff
|
Batting: LHB Jeff Gordon
|
0-0: Foul Ball, location: 2F 0-1: Swinging Strike 0-2: SINGLE (Line Drive, 6D) Ronnie Brown to third Bill Wilson to second Runner from 3rd tries for Home, SAFE, no throw or cutoff
|
Batting: LHB Stanley Mullins
|
0-0: Ball 1-0: Called Strike 1-1: Called Strike 1-2: Fly out, F1 (Line Drive, 13)
|
Top of the 8th over - 2 run(s), 3 hit(s), 0 error(s), 2 left on base; Boston 10 - Niagara Falls 1 |
BOTTOM OF THE 8TH |
Niagara Falls Frenzy batting - Pitching for Boston Rebels : LHP Luis Valentín
|
Pitching: RHP Alberto Bonilla
|
|
Now at 1B: Lorenzo Flores
|
|
Batting: RHB Ángel Hinojosa
|
0-0: Ball 1-0: Ball 2-0: Ball 3-0: Called Strike 3-1: Ground out 6-3 (Groundball, 6)
|
Batting: RHB Juan Carlos Rodríguez
|
0-0: Ball 1-0: Ball 2-0: Fly out, F9 (Flyball, 9M)
|
Batting: RHB Eichiro Yamamoto
|
0-0: Ball 1-0: Foul Ball, location: 2F 1-1: Foul Ball, location: 2F 1-2: Strikes out swinging
|
Bottom of the 8th over - 0 run(s), 0 hit(s), 0 error(s), 0 left on base; Boston 10 - Niagara Falls 1 |
TOP OF THE 9TH |
Boston Rebels batting - Pitching for Niagara Falls Frenzy : RHP Art Kelley
|
Batting: RHB Wilson Gómez
|
0-0: Ground out 4-3 (Groundball, 13)
|
Batting: LHB Tony Ramírez
|
0-0: Foul Ball, location: 2F 0-1: Ball 1-1: Ball 2-1: Foul Ball, location: 2F 2-2: Ball 3-2: Foul Ball, location: 2F 3-2: Foul Ball, location: 2F 3-2: Base on Balls
|
Pitching: RHP Armando López
|
|
Batting: RHB Rubén Matos
|
0-0: Ball 1-0: Called Strike 1-1: Ball 2-1: Ground out 4-3 (Groundball, 4) Tony Ramírez to second
|
Batting: LHB Bill Wilson
|
0-0: Called Strike 0-1: Ball 1-1: Ball 2-1: Fly out, F7 (Flyball, 78D)
|
Top of the 9th over - 0 run(s), 0 hit(s), 0 error(s), 1 left on base; Boston 10 - Niagara Falls 1 |
BOTTOM OF THE 9TH |
Niagara Falls Frenzy batting - Pitching for Boston Rebels : RHP Alberto Bonilla
|
Batting: LHB Dante Owens
|
0-0: Called Strike 0-1: Ball 1-1: Ball 2-1: SINGLE (Line Drive, 8LS)
|
Batting: LHB Donovan Bird
|
0-0: Foul Ball, location: 2F 0-1: Foul Ball, location: 2F 0-2: 2-RUN HOME RUN (Flyball, 9LD), Distance : 381 ft
|
Batting: RHB Lawrence Schroeder
|
0-0: Swinging Strike 0-1: Ball 1-1: Called Strike 1-2: Strikes out swinging
|
Pitching: LHP Yoshihiro Hasegawa
|
|
Batting: SHB Shumei Yokoyama
|
0-0: Swinging Strike 0-1: Foul Ball, location: 2F 0-2: Ball 1-2: SINGLE (Groundball, 56D)
|
Pinch Hitting: RHB Carlos Guzmán
|
0-0: Foul Ball, location: 2F 0-1: Foul Ball, location: 2F 0-2: Foul Ball, location: 2F 0-2: Foul Ball, location: 2F 0-2: Foul Ball, location: 2F 0-2: Ball 1-2: Foul Ball, location: 2F 1-2: Foul Ball, location: 2F 1-2: Ball 2-2: Foul Ball, location: 2F 2-2: Ball 3-2: Base on Balls Shumei Yokoyama to second
|
Batting: RHB Cordell Gibson
|
0-0: Ball 1-0: Ball 2-0: Called Strike 2-1: Ball 3-1: Base on Balls Shumei Yokoyama to third Carlos Guzmán to second
|
Batting: RHB Ángel Hinojosa
|
0-0: Called Strike 0-1: Swinging Strike 0-2: Strikes out swinging
|
Batting: RHB Juan Carlos Rodríguez
|
0-0: Ball 1-0: Swinging Strike 1-1: Swinging Strike 1-2: Strikes out swinging
|
Bottom of the 9th over - 2 run(s), 3 hit(s), 0 error(s), 3 left on base; Boston 10 - Niagara Falls 3 |
|